 Dungeon Crawl Stone Soup version 0.29-a0-275-g389c0b56f3 (webtiles) character file.

Game seed: 1984648726526564998

9 spaghetti the Skirmisher (level 2, -4/28 HPs)
             Began as a Naga Berserker on Mar 9, 2022.
             Was a Follower of Trog.
             Killed by an exploding hobgoblin (25 damage)
             ... ignited by their inner flame
             ... on level 1 of the Dungeon.
             The game lasted 00:00:24 (608 turns).

spaghetti the Skirmisher (Naga Berserker)            Turns: 608, Time: 00:00:25

Health: -4/28      AC:  1    Str: 19    XL:     2   Next: 16%
Magic:  2/2        EV:  9    Int:  7    God:    Trog [*.....]
Gold:   20         SH:  0    Dex: 10    Spells: 1/1 levels left

rFire   . . .      SeeInvis +   a - +0 hand axe {axe}
rCold   . . .      Faith    .   (no shield)
rNeg    . . .      Spirit   .   b - +0 animal skin
rPois   +          Reflect  .   (no helmet)
rElec   .          Harm     .   (no cloak)
rCorr   .          Rampage  .   (no gloves)
Will    .....                   (no barding)
Stlth   +.........              (no amulet)
HPRegen 0.09/turn               (no ring)
MPRegen 0.08/turn               (no ring)

@: very slow
A: AC +0, large, see invisible, deformed body, poison resistance, slowness 2,
spit poison 1, naga tail 1
a: Spit Poison, Renounce Religion, Berserk


You were on level 1 of the Dungeon.
You worshipped Trog.
Trog was aware of your devotion.
You visited 1 branch of the dungeon, and saw 1 of its levels.

You collected 20 gold pieces.


Innate Abilities, Weirdness & Mutations

Your serpentine skin is tough. (AC +0)
You have supernaturally acute eyesight. (SInv)
Armour fits poorly on your strangely shaped body.
Your system is resistant to poisons. (rPois)
You cover ground very slowly.
You can spit poison.
You have a snake-like lower body.


   Skills:
 + Level 3.6 Fighting
 - Level 3.0 Axes
 - Level 1.5 Armour
 - Level 1.5 Dodging


You had one spell level left.
You didn't know any spells.
Your spell library was empty.

Inventory:

Hand Weapons
 a - a +0 hand axe (weapon) {axe}
Missiles
 c - 88 stones {throwing}
Armour
 b - a +0 animal skin (worn)
Scrolls
 d - a scroll of blinking {unknown}

Dungeon Overview and Level Annotations

Branches:
Dungeon (1/15)

Altars:

##### ....############
## .........†.....) .#
#.....########## .#
.......# .# #.....## .#
.#...############§#
##..##..........@○#
##.....#########.§§..>..
##)##### #.####### ##.#
... .... ...( ####
#...#. ##..... #### ##


There were no monsters in sight!


Message History

😨 HP[+4] MP[+1]
You now have 42 max hp (+11).
You regained 4 hp, and now have 12/42 hp.
Your mp is fully restored (2).
You start resting.
You feel a strong urge to attack something.
You are no longer berserk.
You are exhausted.
You feel yourself slow down.
You feel yourself speed up.
You recover from your berserk rage. 😎 HP[+16]
You now have 28 max hp (-14).
Your hp is fully restored (28).
c - 44 stones {throwing} (gained 2)
Things that are here:
a +0 short sword {short}; a +0 whip {mace}; a kobold skeleton A goblin comes into view.
It is wielding a +0 club.
A goblin is nearby!
A goblin is nearby!
The goblin shouts!
The goblin hits you with a +0 club. 😕 HP[-3]
You take 3 damage, and now have 25/28 hp.
You hit the goblin.
The goblin hits you with a +0 club. 😕 HP[-2]
You take 2 damage, and now have 23/28 hp.
You hit the goblin. The goblin hits you with a +0 club.
You miss the goblin.
The goblin hits you with a +0 club. 😮 HP[-4]
You take 4 damage, and now have 19/28 hp.
You are too injured to fight recklessly!
You are too injured to fight recklessly!
You are too injured to fight recklessly!
You are too injured to fight recklessly!
You are too injured to fight recklessly!
You are too injured to fight recklessly!
A goblin is nearby!
A goblin is nearby!
A goblin is nearby!
A goblin is nearby!
You barely miss the goblin.
The goblin hits you with a +0 club. 😮 HP[-4]
You take 4 damage, and now have 15/28 hp.
You barely miss the goblin. The goblin hits you but does no damage.
You hit the goblin.
You kill the goblin!
Trog accepts your kill.
You start resting. 😎 HP[+13]
Your hp is fully restored (28).
You see here a +0 club {mace}.
c - 63 stones {throwing} (gained 19)
A hobgoblin comes into view.
The hobgoblin shouts!
A hobgoblin is nearby!
You see here 8 gold pieces.
You hit the hobgoblin.
You kill the hobgoblin!
Trog accepts your kill.
No target in view!
No target in view!
No target in view!
No target in view!
No target in view!
No target in view!
No target in view!
No target in view!
You now have 20 gold pieces (gained 8).
c - 88 stones {throwing} (gained 25) Key pressed, stopping explore.
A hobgoblin comes into view.
You see here a scroll labelled JYAVAOFOCS.
e - a scroll labelled JYAVAOFOCS
As you read the scroll labelled JYAVAOFOCS, it crumbles to dust.
The creatures around you are filled with an inner flame!
It was a scroll of immolation.
Unknown command.
Found a stone staircase leading down.
The hobgoblin completely misses you. The hobgoblin hits you. 😕 HP[-2]
You take 2 damage, and now have 26/28 hp.
You barely miss the hobgoblin. The hobgoblin hits you. 😮 HP[-5]
You take 5 damage, and now have 21/28 hp.
You are too injured to fight recklessly!
You are too injured to fight recklessly!
You are too injured to fight recklessly!
You are too injured to fight recklessly!
You are too injured to fight recklessly!
You are too injured to fight recklessly!
You are too injured to fight recklessly!
You are too injured to fight recklessly!
You barely miss the hobgoblin. The hobgoblin barely misses you.
You hit the hobgoblin.
Flame seeps out of the hobgoblin.
The hobgoblin is engulfed in blazing flames.
Trog accepts your kill.
The hobgoblin explodes!
The fiery explosion engulfs you!!
Ouch! That really hurt!
You die...

Action                   || total
-------------------------++-------
Melee: Hand axe          ||    27
Invok: Berserk           ||     1
  Use: Scroll            ||     1
Armor: Animal skin       ||     1
Dodge: Dodged            ||    10

Levels and vault maps discovered:
D:1:      ldierk_water_garden, layout_loops_ring,
          chequers_ecumenical_altar_twisty

Notes
Turn   | Place    | Note
-------+----------+-------------------------------------------
     0 | D:1      | spaghetti the Naga Berserker began the quest for the Orb.
     0 | D:1      | Reached XP level 1. HP: 21/21 MP: 1/1
     0 | D:1      | magus.rc [v1.9.6]
   192 | D:1      | Reached XP level 2. HP: 12/28 MP: 2/2
   608 | D:1      | Killed by an exploding hobgoblin... ignited by their inner
                  | flame

Vanquished Creatures
  A ball python (D:1)
  A giant cockroach (D:1)
  A goblin (D:1)
  3 hobgoblins (D:1)
  2 kobolds (D:1)
  A frilled lizard (D:1)
9 creatures vanquished.

Vanquished Creatures (others)
  4 toadstools (D:1)
4 creatures vanquished.

Grand Total: 13 creatures vanquished

Table legend:
 A = Non-vault XP
 B = Vault XP
 C = Vault XP percentage of total XP
 D = Non-vault monster count
 E = Vault monster count
 F = Vault count percentage of total count
                 A         B        C        D         E       F
            +---------+---------+-------+---------+---------+-------
      Total |      16 |       0 |   0.0 |       9 |       0 |   0.0
            +---------+---------+-------+---------+---------+-------
        D:1 |      16 |       0 |   0.0 |       9 |       0 |   0.0
            +---------+---------+-------+---------+---------+-------

Illustrated notes

Table legend:
 A = Kills in this place as a percentage of kills in entire the game.
 B = Kills by you in this place as a percentage of kills by you in the entire game.
 C = Kills by friends in this place as a percentage of kills by friends in the entire game.
 D = Other kills in this place as a percentage of other kills in the entire game.
 E = Experience gained in this place as a percentage of experience gained in the entire game.
 F = Experience gained in this place divided by the number of levels of this place that you have seen.
                   A       B       C       D       E      F
               +-------+-------+-------+-------+-------+----------------------
         Total | 100.0 | 100.0 |   N/A |   N/A | 100.0 |  16.0
       Dungeon | 100.0 | 100.0 |   N/A |   N/A | 100.0 |  16.0
               +-------+-------+-------+-------+-------+----------------------

Table legend: (Time is in decaauts)
 A = Elapsed time spent in this place.
 B = Non-inter-level travel time spent in this place.
 C = Inter-level travel time spent in this place.
 D = Time resting spent in this place.
 E = Time spent auto-exploring this place.
 F = Levels seen in this place.
 G = Mean time per level.
                   A        B        C        D        E       F      G
               +--------+--------+--------+--------+--------+-----+--------+
         Total |    687 |    687 |      0 |    362 |    265 |   1 |  687.0 |
       Dungeon |    687 |    687 |      0 |    362 |    265 |   1 |  687.0 |
               +--------+--------+--------+--------+--------+-----+--------+

Top non-repeatable levels by time:
     D:1: 687 daAuts
